Construct Section Command Post
Construct Platoon Command Post
Selects Air and Sea Battlegroup
Selects Air and Sea Battlegroup
Construct Field Infirmary
6-pounder Anti-tank Gun Team
Selects Centaur Medium Tank
Selects Naval Bombardment
Construct Company Command Post
Selects Commando Section Paradrop
Selects M1 Pack Howitzer Paradrop
M1 Pack Howitzer Paradrop
Construct Company Command Post
Selects Anti-tank Rocket Loiter
Commando Section Paradrop
Construct Field Infirmary
Unlock Towed 17-pounder Anti-tank Guns
17-pounder Anti-tank Gun Team
17-pounder Anti-tank Gun Team
Commando Section Paradrop
Commando Section Paradrop